 Dungeon Crawl Stone Soup version 0.23.2-1-ga50397a (webtiles) character file.

Game seed: 10792850278840576311

21 wilfster70 the Insei (level 2, -2/18 HPs)
             Began as an Octopode Transmuter on May 17, 2019.
             Slain by a hobgoblin
             ... wielding a +0 club
              (4 damage)
             ... on level 1 of the Dungeon.
             The game lasted 00:02:11 (616 turns).

wilfster70 the Insei (Octopode Transmuter)           Turns: 616, Time: 00:02:12

Health: -2/18      AC:  1    Str:  9    XL:     2   Next: 83%
Magic:  5/5        EV: 13    Int: 15    God:
Gold:   18         SH:  0    Dex: 12    Spells: 2/5 levels left

rFire    . . .     SeeInvis .     - Unarmed
rCold    . . .     Gourm    .   (no shield)
rNeg     . . .     Faith    .   (helmet restricted)
rPois    .         Spirit   .   (no amulet)
rElec    .         Reflect  .   (no ring)
rCorr    .         Harm     .   (no ring)
MR       .....                  (no ring)
Stlth    ++........             (no ring)
HPRegen  0.06/turn              (no ring)
MPRegen  0.09/turn              (no ring)
                                (no ring)
                                (no ring)

@: no status effects
A: almost no armour, stealthy swim, amphibious, 8 rings, constrict 8, camouflage
1, gelatinous body 1
a: no special abilities


You were on level 1 of the Dungeon.
You were not hungry.

You visited 1 branch of the dungeon, and saw 1 of its levels.

You collected 18 gold pieces.

Inventory:

Missiles
 a - 12 arrows
 e - 19 stones (quivered)
Armour
 g - a +0 shield
Potions
 b - 3 potions of haste {unknown}
 d - a potion of berserk rage {unknown}
Comestibles
 c - a ration
 f - 7 chunks of flesh


   Skills:
 - Level 1.2 Fighting
 + Level 2.2 Dodging
 + Level 0.3 Shields
 + Level 3.2 Unarmed Combat
 + Level 2.2 Spellcasting
 + Level 2.2 Transmutations


You had 2 spell levels left.
You knew the following spells:

 Your Spells              Type           Power        Failure   Level  Hunger
a - Beastly Appendage     Tmut           #.....       9%          1    #......
b - Sticks to Snakes      Tmut           #.......     13%         2    ###....

Your spell library contained the following spells:

 Spells                   Type           Power        Failure   Level  Hunger
 Spider Form              Tmut/Pois      #.........   38%         3    ###....
 Ice Form                 Ice/Tmut       #.......     80%         4    #####..
 Blade Hands              Tmut           #.........   93%         5    ######.


Dungeon Overview and Level Annotations

Branches:
Dungeon (1/15)

Altars:


Innate Abilities, Weirdness & Mutations

You cannot wear most types of armour.
You are very stealthy in the water. (Stealth+)
You are amphibious.
You can wear up to eight rings at the same time.
You can use your tentacles to constrict eight enemies at once.
Your skin changes colour to match your surroundings (Stealth+).
Your rubbery body absorbs attacks. (AC +1, EV +1)


Message History

The ooze quivers.
The hobgoblin moves out of view.
Found a scroll labeled MOHIJUSHR WAIZXOA.
The ooze hits you.
You tentacle-slap the ooze.
The ooze is moderately wounded.
The hobgoblin closely misses you. The ooze hits you.
You tentacle-slap the ooze but do no damage.
The ooze is moderately wounded.
The ooze hits you. The hobgoblin hits you with a +0 club.
* * * LOW HITPOINT WARNING * * *
You tentacle-slap the ooze. You squeeze the ooze.
You kill the ooze!
The hobgoblin closely misses you.
You tentacle-slap the hobgoblin. Your grab misses the hobgoblin.
The hobgoblin is almost dead.
The hobgoblin hits you with a +0 club.
* * * LOW HITPOINT WARNING * * *
The hobgoblin hits you with a +0 club.
You die...

#.# #. #.# ## ##.## #.
####...## #. #####.......##
#. .....?.......# #.
###....#.##.#### #.
#.#.#g........ ## #
#..@.##.#### #. #.####.##.#
#. #.........# #<
######.#### #. #.# #. ###.#
#. ### ##.#.########### #.
##.## #.#............# #.
##.#.#########.#.#########)#
##


You could see a hobgoblin.

Vanquished Creatures
  An ooze (D:1)
  A dart slug (D:1)
  A bat (D:1)
  A giant cockroach (D:1)
  2 goblins (D:1)
  A hobgoblin (D:1)
  2 kobolds (D:1)
  A ball python (D:1)
  4 rats (D:1)
14 creatures vanquished.

Notes
Turn   | Place    | Note
-------+----------+-------------------------------------------
     0 | D:1      | wilfster70 the Octopode Transmuter began the quest for the
                  | Orb.
     0 | D:1      | Reached XP level 1. HP: 13/13 MP: 3/3
   223 | D:1      | Reached XP level 2. HP: 8/18 MP: 5/5
   390 | D:1      | Learned a level 2 spell: Sticks to Snakes
   616 | D:1      | Slain by a hobgoblin

Action                   || total
-------------------------++-------
Melee: Unarmed           ||    28
       Constrict         ||     7
       Tentacles         ||     6
 Stab: Sleeping          ||     3
Dodge: Dodged            ||    16
